AoeStats
← RiseoftheRuben

Arabia

510330201Analyzed
1v1 RM · 1d ago on Sep 30, 2026· 38m 17s· 2 players
Game mode
Random Map
Map size
Tiny (2 player)
Population
200
Speed
Normal
Resources
Standard
Victory
Conquest
Starting age
Dark Age
Ending age
Imperial Age
RankedLock teamsTeams togetherTeam positionsShared explorationLock speedFull tech treeHidden civsTurbo modeCheats
Victory
Defeat
🇩🇪 Tupi · Germany
1714
+11
🇮🇳 Saracens · India
1597
-11
Kritika
6:28 Loom
8:40 Feudal Age
9:23 Double-Bit Axe
16:41 Fletching
18:07 Padded Archer Armor
22:13 Castle Age
20:30 Horse Collar
21:32 Gold Mining
22:16 Crossbowman
22:52 Bodkin Arrow
23:10 Bow Saw
23:52 Town Watch
25:26 Leather Archer Armor
30:03 Ballistics
33:14 Bloodlines
33:04 Husbandry
33:17 Forging
33:14 Scale Barding Armor
33:48 Wheelbarrow
33:08 Light Cavalry
35:17 Chain Barding Armor
RiseoftheRuben
6:37 Loom
9:01 Feudal Age
10:51 Double-Bit Axe
13:08 Horse Collar
15:33 Fletching
21:21 Castle Age
19:40 Gold Mining
20:59 Padded Archer Armor
21:24 Crossbowman
23:18 Bodkin Arrow
27:22 Ballistics
28:21 Bow Saw
35:38 Imperial Age
33:26 Town Watch
36:39 Bracer
37:44 Chemistry
37:04 Leather Archer Armor
36:15 Pikeman
36:56 Squires
38:06 Conscription
Connection lost

Rejoining the realm…

Still unreachable

The connection could not be restored.

Session expired

The server has moved on; the page needs a fresh start.